Map: NeoHumanity LE

Players

winzboy - Winner!

  • Race: Protoss Protoss
  • Spawn Location: 5:00

VOD

Have the link to the VOD?

Description

Time

  • Played on: May 18, 2023, 4:58 a.m.
  • Length: 15:12
Show
View Real Time Build Order
Export as new Build Order

winzboy Protoss - Winner!

Build Orders:  

Get SALT Encoding   

  12  0:08  Probe (Chrono Boost)  
  13  0:25  Pylon  
  13  0:26  Probe (Chrono Boost)  
  14  0:38  Probe (Chrono Boost)  
  15  0:56  Gateway  
  15  1:01  Assimilator  
  15  1:05  Probe (Chrono Boost)  
  16  1:22  Probe (Chrono Boost)  
  17  1:37  Probe (Chrono Boost)  
  18  1:48  Probe (Chrono Boost)  
  18  1:59  Probe (Chrono Boost)  
  20  2:16  Nexus  
  20  2:25  Cybernetics Core  
  20  2:37  Pylon  
  21  2:42  Probe (Chrono Boost)  
  21  2:48  Assimilator  
  21  2:59  Probe (Chrono Boost)  
  22  3:15  Probe (Chrono Boost)  
  25  3:35  Probe  
  26  3:52  Probe  
  26  3:54  Robotics Facility  
  26  3:58  Shield Battery  
  27  4:11  Unknown, Stalker  
  29  4:21  Probe x2  
  31  4:38  Probe x2, Warp Gate (Chrono Boost)  
  33  4:55  Probe x2  
  35  5:00  Observer  
  36  5:12  Probe  
  36  5:15  Pylon  
  36  5:16  Sentry  
  39  6:14  Twilight Council  
  39  6:16  Forge  
  39  6:23  Probe (Chrono Boost)  
  39  6:26  Probe (Chrono Boost)  
  41  6:36  Probe (Chrono Boost)  
  41  6:38  Probe (Chrono Boost)  
  42  6:42  Immortal  
  42  6:49  Probe (Chrono Boost)  
  42  6:50  Probe (Chrono Boost)  
  47  6:53  Assimilator  
  47  6:58  Assimilator  
  49  7:06  Probe x2 (Chrono Boost)  
  51  7:23  Probe (Chrono Boost)  
  52  7:43  Probe (Chrono Boost)  
  52  7:44  Probe (Chrono Boost)  
  54  8:14  Pylon  
  54  8:16  Pylon  
  54  8:22  Protoss Ground Weapons Level 1  
  56  8:42  Probe x2 (Chrono Boost)  
  56  8:47  Gateway x2  
  56  8:52  Gateway  
  56  8:55  Gateway  
  56  9:03  Gateway  
  56  9:05  Gateway  
  56  9:34  Templar Archives  
  56  9:42  Probe (Chrono Boost)  
  56  9:43  Probe (Chrono Boost)  
  56  9:47  Charge  
  58  9:59  Probe (Chrono Boost)  
  59  10:01  Gateway  
  59  10:10  Zealot x2  
  59  10:11  Zealot x2  
  59  10:12  Zealot  
  59  10:18  Immortal  
  69  10:21  Pylon  
  69  10:23  Pylon  
  69  10:26  Pylon  
  69  10:29  Pylon, Zealot  
  69  10:54  Pylon  
  69  11:03  High Templar x2  
  69  11:04  High Templar x2  
  69  11:05  High Templar x2  
  69  11:06  High Templar  
  83  11:12  Protoss Ground Weapons Level 2  
  83  11:13  Immortal  
  87  11:20  Archon x3  
  87  11:25  High Templar  
  89  11:45  Pylon  
  89  11:48  Pylon  
  89  11:51  Pylon  
  89  11:52  Zealot x2  
  89  11:53  Zealot x2  
  89  11:55  Pylon, Zealot x2  
  89  11:56  Zealot  
  103  12:00  Immortal (Chrono Boost)  
  107  12:18  Zealot  
  109  12:51  Archon  
  109  12:57  Immortal (Chrono Boost)  
  103  13:52  Immortal (Chrono Boost)  
  103  14:36  Pylon  
Tags
 
Matchup
Co-op
Replay Pack
Multiplayer
Add a new tag
Caveats
  • Supply blocks, unpowered buildings, or Contaminate may cause inaccurate times.
  • Supply counts are checked every 10 seconds.